[Event "Early-Titled-Tuesday-Blitz-February-13-2024"]
[Site "Chess.com"]
[Date "2024.02.13"]
[Round "7"]
[White "HaryKane"]
[Black "CFN_Good_Evening"]
[Result "1-0"]
[WhiteElo "2579"]
[BlackElo "2082"]
[TimeControl "180+1"]
[EndTime "9:22:13 PST"]
[Termination "HaryKane won by resignation"]

1. d4 Nf6 2. e3 e6 3. f4 d5 4. Nf3 c5 5. c3 Bd6 6. Bd3 Nc6 7. O-O Ne4 8. Ne5 Qe7 9. Bxe4 dxe4 10. Nd2 f5 11.
Ndc4 Bxe5 12. dxe5 O-O 13. b3 b6 14. Nd6 Ba6 15. Rf2 Bd3 16. Ba3 Rfd8 17. b4 cxb4 18.
cxb4 b5 19. Rd2 Rxd6 20. exd6 Qxd6 21. Qb3 Qd5 22. Qc3 Rc8 23. Bb2 Qd7 24. Rc1 a6 25. h3 Na7 26. Qe5 Nc6 27. Qc5 Kf7 28. a3 Ne7 29. Qe5 Rxc1+ 30. Bxc1 Qd5 31. Qc7 Qc6 32. Qxc6 Nxc6 33. Bb2 g6 34. g4 Ne7 35. Be5 Nd5 36. Kf2 Bc4 37. Rd1 Bd3 38. gxf5 exf5 39. h4 Nb6 40. Ra1 Nc4 41. a4 Nxe5 42. fxe5 Ke6 43. axb5 Bxb5 44. Rc1 Kxe5 45. Rc7 h6 46. Rh7 g5 47.
Rxh6 gxh4 48. Rxh4 Kd5 49. Rh5 Kc4 50. Rxf5 Kxb4 51.
Ke1 a5 52. Kd2 a4 53. Re5 Bd3 54. Re8 a3 55. Rb8+ Bb5 56. Kc2 Kc4 57. Rc8+ Kb4 58.
Rb8 Kc5 59. Kb3 Bd7 60. Kxa3 Kc4 61. Rd8 Bc6 62. Rd4+ Kc5 63. Kb2 Bd5 64. Kc3 Bc6 65. Kd2 Bd5 66. Ke1 Bc6 67. Kf2 Bd5 68. Kg3 Kd6 69.
Kf4 Ke6 70. Rxe4+ Bxe4 71. Kxe4 Kd6 72. Kf5 Ke7 73. Ke5 Kd7 74. Kf6 Ke8 75. Ke6 Kd8 76. e4 Ke8 77. e5 Kf8 78. Kd7 1-0

[Event "Early-Titled-Tuesday-Blitz-February-13-2024"]
[Site "Chess.com"]
[Date "2024.02.13"]
[Round "7"]
[White "szefru"]
[Black "VinzentSpitzl"]
[Result "0-1"]
[WhiteElo "2269"]
[BlackElo "2511"]
[TimeControl "180+1"]
[EndTime "9:22:16 PST"]
[Termination "VinzentSpitzl won on time"]

1. e4 c5 2. Nf3 d6 3. d4 cxd4 4. Qxd4 Nc6 5. Bb5 Bd7 6. Qd3 Nf6 7. c4 Rc8 8. Nc3 e6 9. O-O Be7 10. b3 O-O 11. Bb2 Ne5 12. Nxe5 dxe5 13. Bxd7 Qxd7 14. Rad1 Qc6 15. Qe2 a6 16. Rd3 Bb4 17. f3 Bc5+ 18. Kh1 Bd4 19. Nd1 Rfd8 20. Bxd4 exd4 21. e5 Ne8 22. Nf2 b5 23. Rc1 Nc7 24. Ne4 Nd5 25. Qd2 Nb6 26. c5 Nd5 27. Nd6 Rc7 28. Rxd4 h6 29. b4 Ra8 30. a3 a5 31. Rg4 Kf8 32.
Qd3 Kg8 33. Qd2 Kh8 34. h4 axb4 35. axb4 Rca7 36. Qd3 Qc7 37. Nxb5 Qxe5 38. Nxa7 Rxa7 39. c6 Qb2 40. Rb1 Ra1 41. Rxa1 Qxa1+ 42. Kh2 Qe5+ 43. g3 Ne3 44. Rd4 Nf5 45. Rd8+ Kh7 46. f4 Qb2+ 47. Kh3 Qc1 48. Qd1 Qxc6 49. g4 Ne7 50. Qd3+ g6 51. h5 Qh1+ 52. Kg3 Qg1+ 53. Kf3 Qh1+ 54. Ke3 Nd5+ 55.
Rxd5 exd5 56. hxg6+ fxg6 57. Qd4 Qg1+ 58. Kd3 Qd1+ 59.
Kc3 Qa1+ 60. Kd3 Qd1+ 61. Ke3 Qxg4 62. b5 Qd7 63. b6 h5 64. Qf6 Qe8+ 65. Kd4 Qe4+ 66.
Kc5 d4 0-1

[Event "Early-Titled-Tuesday-Blitz-February-13-2024"]
[Site "Chess.com"]
[Date "2024.02.13"]
[Round "7"]
[White "iwanyu"]
[Black "Sanan_Sjugirov"]
[Result "0-1"]
[WhiteElo "2870"]
[BlackElo "3007"]
[TimeControl "180+1"]
[EndTime "9:22:18 PST"]
[Termination "Sanan_Sjugirov won on time"]

1. d4 Nf6 2. c4 e6 3. Nf3 d5 4. g3 Bb4+ 5. Nc3 O-O 6. Bg2 Bxc3+ 7. bxc3 Ne4 8. Qc2 Nc6 9. O-O Na5 10. Ba3 Re8 11. Ne5 f6 12. Bb4 fxe5 13. Bxa5 b6 14. Bb4 exd4 15. Bxe4 dxe4 16. Qxe4 Ba6 17. cxd4 Bxc4 18.
a4 a5 19. Bc3 Qd5 20. Qc2 Qf5 21. Qb2 Qe4 22. Rfe1 Rf8 23. f3 Qe3+ 24. Kg2 Bd5 25. Rf1 g5 26. h3 h5 27. g4 hxg4 28. hxg4 Rf4 29. Qd2 Rxg4+ 30. Kh3 Qxd2 31. Bxd2 Rxd4 32. Bxg5 Kf7 33. e4 Bb3 34. Kg4 Rxa4 35. Rab1 Rb4 36.
Rh1 Rg8 37. Rh7+ Rg7 38. Rxg7+ Kxg7 39. Bf4 c5 40. Be5+ Kf7 41. Bc3 Rb5 42. Rh1 Ke7 43. Be5 c4 44. Rh7+ Kd8 45. Bf6+ Kc8 46. f4 Bd1+ 47. Kg3 Rb3+ 48. Kg2 Bf3+ 49. Kf2 Bxe4 50. Re7 Rf3+ 51. Ke2 Rxf4 52. Be5 Rg4 53. Rxe6 Kb7 54. Re7+ Ka6 55. Ke3 Bd3 56. Kd2 Rg2+ 57. Kc3 Rc2+ 58. Kd4 a4 59. Bb8 Bf1 60. Ra7+ Kb5 61.
Be5 Rd2+ 62. Ke4 Re2+ 63. Kf4 Bg2 64. Bc3 Re4+ 65. Kg3 Re3+ 66. Kxg2 Rxc3 67. Kf2 Rd3 68. Ke2 a3 69. Ra8 Kb4 70. Ra6 b5 71. Ra8 Rb3 72.
Kd2 Rb2+ 73. Kc1 Rg2 74. Rf8 a2 75. Ra8 Kb3 0-1

[Event "Early-Titled-Tuesday-Blitz-February-13-2024"]
[Site "Chess.com"]
[Date "2024.02.13"]
[Round "7"]
[White "M1711"]
[Black "ATM622"]
[Result "0-1"]
[WhiteElo "2632"]
[BlackElo "2484"]
[TimeControl "180+1"]
[EndTime "9:22:22 PST"]
[Termination "ATM622 won by checkmate"]

1. h3 Nf6 2. a3 d5 3. d3 e5 4.
Nc3 c6 5. e4 Bc5 6. Bd2 h6 7.
g4 Be6 8. Nge2 Qb6 9. Rh2 Qd8 10.
Ng3 g6 11. Bg2 Nbd7 12. Qe2 Qc7 13. Rh1 d4 14. Nd1 Bd6 15. c4 b5 16. cxb5 cxb5 17. Rc1 Qb7 18. f3 Rc8 19. Kf2 Rxc1 20. Bxc1 Qc7 21. Qd2 Nc5 22. Qe2 Nb3 23. Be3 dxe3+ 24. Nxe3 Bc5 25. Re1 Qb6 26. Kg1 O-O 27. Kh2 Rd8 28.
Nc2 Bf2 29. Rf1 Bxg3+ 30. Kxg3 Nd4 31. Nxd4 Qxd4 32. Rd1 Bb3 33. Rd2 Bc4 34. Bf1 Be6 35.
Kg2 Kg7 36. Rc2 Rc8 37. Rxc8 Bxc8 38. Qc2 Be6 39. Qc3 Qxc3 40. bxc3 a6 41. Kf2 Kf8 42.
Ke3 Ke7 43. Be2 Kd6 44. d4 g5 45. Bd1 Bc4 46. h4 Nd7 47. h5 Nb6 48. Kd2 Nc8 49.
Kc2 Na7 50. Kb2 Nc6 51. d5 Nb8 52. a4 Nd7 53. axb5 axb5 54. Ka3 Kc5 55. Kb2 Nb6 56. Ka3 Bf1 57. Kb3 Nc4 58. Ka2 Ne3 59. Bb3 Bc4 60.
Ka3 Bxb3 61. Kxb3 Ng2 62. d6 Kxd6 63. Kb4 Kc6 64. c4 Ne1 65. cxb5+ Kb6 66. Kc4 Nxf3 67.
Kd5 Kxb5 68. Kd6 Kc4 69. Ke7 Kd4 70. Kxf7 Kxe4 71. Kg6 Kf4 72. Kxh6 Kxg4 73. Kg6 Nh4+ 74. Kh6 e4 75. Kg7 e3 76. h6 Nf5+ 77. Kh7 Nxh6 78.
Kh8 e2 79. Kg7 e1=Q 80. Kh8 Qe8+ 81. Kg7 Nf5+ 82. Kh7 Qf7+ 83. Kh8 Qg7# 0-1

[Event "Early-Titled-Tuesday-Blitz-February-13-2024"]
[Site "Chess.com"]
[Date "2024.02.13"]
[Round "7"]
[White "AlexTruskavetsky"]
[Black "JiiHart"]
[Result "1-0"]
[WhiteElo "2694"]
[BlackElo "2161"]
[TimeControl "180+1"]
[EndTime "9:22:29 PST"]
[Termination "AlexTruskavetsky won on time"]

1. d4 d5 2. c4 c5 3. dxc5 e6 4.
cxd5 Bxc5 5. Nf3 Nf6 6. Nc3 Nxd5 7. e4 Nxc3 8. Qxd8+ Kxd8 9. bxc3 Nc6 10. Bb5 Bd7 11.
O-O a6 12. Be2 e5 13. Rd1 Kc7 14. Nh4 Rad8 15. Be3 Bxe3 16. fxe3 Be6 17. c4 Rxd1+ 18.
Rxd1 Rd8 19. Rd5 Bxd5 20. exd5 Nb4 21. Nf3 f6 22. a4 b5 23. axb5 axb5 24. e4 bxc4 25.
Bxc4 Kd6 26. Kf2 Rc8 27. Be2 Rc2 28. Ke3 Ra2 29. Bf1 Nc2+ 30. Kd3 Kc5 31. Nd2 Nd4 32. Nc4 Rf2 33. Ne3 Rb2 34. Nc4 Rb3+ 35. Kd2 g6 36. Bd3 f5 37. Nxe5 fxe4 38. Bxe4 Nf5 39. Bc2 Rb7 40. Ba4 Ne7 41. d6 Kxd6 42. Nf7+ Kc7 43.
Ng5 Rb2+ 44. Bc2 h6 45. Nf3 Kd6 46. Kc3 Ra2 47. Kb3 Ra7 48. Kc3 Kc5 49. Be4 g5 50. Nd2 Nd5+ 51. Kd3 Ra3+ 52. Kc2 Kd4 53. Bf3 Ra2+ 54.
Kc1 Ke3 55. Nc4+ Kd4 56. Nd2 Ra4 57. Nb3+ Kc4 58. Nd2+ Kd4 59. Nb3+ Ke5 60. Kd2 Ra2+ 61. Kc1 Rf2 62. Nc5 Kd4 63. Nb3+ Ke3 64. Bxd5 g4 65.
Na5 h5 66. Nc6 h4 67. Nb4 g3 68. hxg3 hxg3 69. Nc2+ Kf4 70. Kd1 Ke5 71. Ba8 Kf4 72. Ne1 Ke3 73. Nc2+ Kd3 74. Nb4+ Ke3 75. Bc6 Rf1+ 76.
Kc2 Rf2+ 77. Kc3 Rf1 78. Nd5+ Kf2 79. Nf4 Rg1 80. Nh3+ Kf1 81. Nxg1 Kxg1 82. Kd3 Kf2 83. Kd2 Kg1 84. Ke3 1-0

[Event "Early-Titled-Tuesday-Blitz-February-13-2024"]
[Site "Chess.com"]
[Date "2024.02.13"]
[Round "7"]
[White "Manukyan_Artak"]
[Black "Rozhkov_V"]
[Result "1-0"]
[WhiteElo "2544"]
[BlackElo "2391"]
[TimeControl "180+1"]
[EndTime "9:22:38 PST"]
[Termination "Manukyan_Artak won by resignation"]

1. e4 e6 2. d4 d5 3. e5 c5 4.
c3 Qb6 5. Nf3 Nc6 6. a3 c4 7. Nbd2 Na5 8. g3 Bd7 9. Bh3 Ne7 10. O-O O-O-O 11. Ng5 Be8 12. f4 h6 13. Ngf3 f5 14. exf6 gxf6 15. Re1 Bd7 16. Qe2 Nf5 17.
Bxf5 exf5 18. Nh4 Bd6 19. Qh5 Rde8 20. Rf1 Nb3 21. Nxb3 Qxb3 22. Nxf5 Bc7 23. Ne3 Bc6 24. Qd1 Qb6 25. Re1 Re4 26. Ng2 Rhe8 27. Rxe4 Rxe4 28. Ne3 Bd6 29. Rb1 Qc7 30. Qg4+ Kb8 31. Bd2 a6 32. Re1 Qb6 33. Bc1 Qd8 34. Ng2 Qe7 35. Bd2 Rxe1+ 36.
Bxe1 Qe4 37. Kf1 Qb1 38. Qe2 Bd7 39. Ne3 Bh3+ 40. Kf2 Qe4 41. Qf3 Qb1 42. Nxd5 Qxb2+ 43. Qe2 Qb1 44. Nxf6 Bxa3 45. d5 Bc5+ 46. Kf3 Qf5 47.
Qe5+ Ka7 48. Qxf5 Bxf5 49. Bf2 Bxf2 50. Kxf2 a5 51. d6 Kb6 52. d7 Kc7 53. Ke3 Bxd7 54. Kd4 Be6 55. Kc5 b6+ 56. Kb5 Kb7 57. g4 Kc7 58. g5 hxg5 59. fxg5 Bf7 60. h4 Kd6 61. Kxb6 a4 62. Ne4+ Ke5 63. Nd2 a3 64. g6 Bg8 65. Nf3+ Kf6 66. Nd4 a2 67. Nc2 Kxg6 68. Kc5 Kh5 69. Kb4 Kxh4 70. Ka3 Kg4 71.
Kxa2 Kf4 72. Kb2 Ke4 73. Nd4 Kd3 74. Nc6 Bf7 75. Ne5+ Ke4 76. Nxf7 Kd5 77. Ng5 Kc5 78. Nf3 Kb5 79. Nd4+ Kc5 80. Ka3 Kd5 81. Kb4 Kd6 82.
Kxc4 1-0

[Event "Early-Titled-Tuesday-Blitz-February-13-2024"]
[Site "Chess.com"]
[Date "2024.02.13"]
[Round "7"]
[White "Suleyman_Chess06"]
[Black "yosephtaher"]
[Result "0-1"]
[WhiteElo "2763"]
[BlackElo "2927"]
[TimeControl "180+1"]
[EndTime "9:22:43 PST"]
[Termination "yosephtaher won by resignation"]

1. Nf3 c5 2. c4 g6 3. Nc3 Bg7 4. e3 Nf6 5. d4 cxd4 6. exd4 d5 7. Bg5 dxc4 8. Bxc4 O-O 9. d5 Bg4 10. O-O Nbd7 11. h3 Bxf3 12. Qxf3 Ne5 13. Qe2 Nxc4 14. Qxc4 Qb6 15. Qb3 Qxb3 16. axb3 Rfd8 17. Ra5 a6 18. Re1 Rd7 19. d6 exd6 20. Bxf6 Bxf6 21. Nd5 Kg7 22. Nb6 Bd8 23. Rxa6 bxa6 24. Nxd7 Ba5 25. Rd1 Bc7 26. Rc1 Ra7 27. Rc6 f6 28. Nb6 Rb7 29. Nd5 Bb8 30. b4 Rb5 31. Rxa6 Rxd5 32. Rb6 Bc7 33. Rb7 Rd1+ 34. Kh2 Rc1 35. b5 d5+ 36. g3 Kh6 37. b6 Be5 38. f4 Rc2+ 39. Kh1 Bd4 40. Rd7 Bxb6 41. Rxd5 Rxb2 42. Rd3 Re2 43. g4 Re3 44.
Rd6 Rxh3+ 45. Kg2 Rb3 46. Rxf6 Be3 47. Rf7 Rb4 48. Kf3 Bxf4 49. Rxf4 Rb3+ 50. Kg2 Kg5 51. Ra4 Kh4 52. Kh2 Rh3+ 53. Kg2 Rg3+ 54. Kh2 Rxg4 55.
Ra2 h5 56. Rc2 Rf4 57. Re2 g5 58. Kg2 g4 59. Rd2 Kg5 60. Rd5+ Rf5 61. Rd8 h4 62. Rg8+ Kf4 63. Rb8 Re5 64. Rf8+ Rf5 65. Rb8 h3+ 66. Kh2 Rf7 67. Rc8 Rf6 68. Rb8 Ra6 69. Rf8+ Kg5 70.
Rg8+ Rg6 71. Rb8 Rh6 72. Rg8+ Kh4 73. Rg7 Rh8 74. Rg6 Ra8 75. Rh6+ Kg5 76. Rb6 Ra2+ 77. Kg1 Kh4 78. Rb3 Rd2 79. Rb1 g3 80. Rb4+ Kg5 81. Rb5+ Kf4 82. Rb1 Ke3 83. Kh1 Ke2 84.
Rf1 Rd1 85. Rg1 Rxg1+ 86. Kxg1 g2 87. Kh2 Kf2 0-1

[Event "Early-Titled-Tuesday-Blitz-February-13-2024"]
[Site "Chess.com"]
[Date "2024.02.13"]
[Round "7"]
[White "only_strong_moves"]
[Black "Alex_Terzi"]
[Result "1/2-1/2"]
[WhiteElo "2674"]
[BlackElo "2496"]
[TimeControl "180+1"]
[EndTime "9:22:45 PST"]
[Termination "Game drawn by repetition"]

1. e4 e6 2. d4 d5 3. e5 c5 4. c3 Qb6 5. Nf3 Nc6 6. a3 Bd7 7. Bd3 cxd4 8. O-O Nge7 9. b4 Ng6 10.
Re1 a6 11. c4 dxc4 12. Bxc4 Rd8 13. Bd3 Be7 14. Nbd2 Qc7 15. Nb3 Ncxe5 16. Nxe5 Nxe5 17.
Bf4 Bd6 18. Rc1 Qb8 19. Bb1 Ba4 20. Qh5 Bxb3 21. Rxe5 g6 22. Qg5 Be7 23. Qg3 Bd6 24.
Rce1 Bd5 25. Rxd5 Bxf4 26. Rxd8+ Kxd8 27. Qd3 Be5 28. f4 Bf6 29. g3 Ke7 30. f5 Rc8 31.
fxe6 fxe6 32. Ba2 Rc6 33. Rf1 Qe5 34. Qd2 Qe3+ 35. Qxe3 dxe3 36. Re1 Rc2 37. Bb3 Rb2 38.
Bc4 Bc3 39. Re2 Rxe2 40. Bxe2 Bb2 41. a4 Ba3 42. b5 axb5 43. axb5 Kd6 44. Kg2 Bc5 45. Kf3 e5 46. h4 Bd4 47. Ke4 b6 48. g4 h6 49. g5 hxg5 50. hxg5 Ke6 51. Bd3 Kf7 52. Kd5 Kg7 53. Ke6 e4 54. Be2 Bc3 55. Kd5 Bb4 56. Kxe4 Be7 57. Kf4 Bd6+ 58. Kxe3 Bc5+ 59.
Ke4 Kh7 60. Ke5 Kg7 61. Ke6 Be3 62. Bd3 Bxg5 63. Be4 Be3 64. Bf3 Bc5 65. Ke5 Kh6 66. Kf4 Kg7 67. Kg4 Kf7 68. Kf4 Kf6 69. Kg4 g5 70. Bc6 Be3 71. Kf3 Bf4 72. Kg4 Ke5 73. Kf3 Kd6 74. Kg4 Kc5 75. Kf3 Kd4 76. Kg4 Ke3 77.
Kh3 Kf2 78. Kg4 Ke2 79. Kh3 Ke3 80. Kg4 Kf2 81. Kf5 Ke3 82. Kg4 Kf2 83. Kh3 Ke3 84. Kg2 g4 85. Kf1 g3 86. Kg2 Bd6 87. Kg1 Kf4 88. Kg2 Bc5 89. Kh3 Bd4 90. Kg2 Bc5 91.
Kh3 Bf2 92. Kg2 Ke3 93. Bb7 Ke2 94. Bc6 Ke1 95. Bb7 Kd2 96. Bc6 Kc3 97. Bb7 Kc4 98.
Bc6 Kc5 99. Kh3 Kd4 100. Kg2 Ke3 101. Kh3 Kd4 102. Kg2 Ke3 1/2-1/2

[Event "Early-Titled-Tuesday-Blitz-February-13-2024"]
[Site "Chess.com"]
[Date "2024.02.13"]
[Round "7"]
[White "Vaathi_Coming"]
[Black "traviscottofficial"]
[Result "1-0"]
[WhiteElo "2898"]
[BlackElo "2665"]
[TimeControl "180+1"]
[EndTime "9:22:52 PST"]
[Termination "Vaathi_Coming won by resignation"]

1. g3 Nf6 2. Bg2 g6 3. e4 Bg7 4. d4 O-O 5. Nc3 d6 6. Nge2 e5 7. O-O Re8 8. h3 exd4 9. Nxd4 a6 10. a4 Bd7 11. Be3 Nc6 12. f4 Nxd4 13. Bxd4 Bc6 14. Qd3 Nd7 15. Rad1 Nc5 16. Qe3 Ne6 17. Bxg7 Nxg7 18.
Qd4 Qe7 19. Qc4 Qe6 20. Qd4 Qe7 21. b4 Qd7 22. b5 axb5 23. axb5 Bxb5 24. Nd5 Nh5 25. g4 c6 26. Nb6 Qd8 27. Nxa8 Bxf1 28.
Rxf1 Ng3 29. Re1 Qxa8 30. Qf2 Qa3 31. Re3 Qc1+ 32. Kh2 Nxe4 33. Rxe4 Rxe4 34. Bxe4 d5 35. Bd3 c5 36. Qxc5 Qxf4+ 37. Kg2 d4 38. Qc8+ Kg7 39. Qe8 h5 40. Qe4 Qd2+ 41. Qe2 Qg5 42. Qf2 Qe5 43.
gxh5 Qg5+ 44. Kf1 Qc1+ 45. Ke2 gxh5 46. Qxd4+ Kg8 47. Qd8+ Kg7 48. Qd4+ Kf8 49. Qh8+ Ke7 50. Qxh5 Qf4 51. Qg4 Qh2+ 52. Kf3 Qh1+ 53. Qg2 Qa1 54. Qe2+ Kf6 55. Kg2 Kg7 56. Qg4+ Kf8 57. Qb4+ Kg8 58. Qxb7 Qg7+ 59. Kf1 Qf6+ 60. Ke2 Qe6+ 61. Qe4 Qxh3 62. Qe8+ Kg7 63. Qe5+ Kg8 64. Qg5+ Kf8 65. Qd8+ Kg7 66. Qd4+ Kg8 67. c4 Qg2+ 68. Qf2 Qg4+ 69. Qf3 Qe6+ 70. Qe4 Qh3 71. Qe8+ Kg7 72. Qe5+ Kf8 73. Qd6+ Kg7 74. Qd4+ Kf8 75. c5 Qg2+ 76. Qf2 Qg4+ 77. Qf3 Qe6+ 78.
Qe4 Qa2+ 79. Ke3 Qa3 80. c6 Qc5+ 81. Kf3 Qh5+ 82. Ke3 Qc5+ 83. Kd2 Qa5+ 84. Kc2 Qc5+ 85. Kb3 f5 86. Qb4 1-0

[Event "Early-Titled-Tuesday-Blitz-February-13-2024"]
[Site "Chess.com"]
[Date "2024.02.13"]
[Round "7"]
[White "PositionalPanther"]
[Black "Hilary46"]
[Result "1/2-1/2"]
[WhiteElo "2426"]
[BlackElo "2631"]
[TimeControl "180+1"]
[EndTime "9:22:54 PST"]
[Termination "Game drawn by 50-move rule"]

1. Nf3 d5 2. g3 Nf6 3. Bg2 c5 4. d4 cxd4 5. Nxd4 e5 6. Nb3 h6 7. O-O Nc6 8. c4 dxc4 9. Bxc6+ bxc6 10. Qxd8+ Kxd8 11. Na5 Kc7 12. Nxc4 Nd7 13. b3 Ba6 14. Nbd2 Bb4 15. Bb2 f6 16. Rfe1 Rhd8 17. a3 Bxc4 18. axb4 Bb5 19. Nc4 Nb6 20. Rac1 Nd5 21. Bc3 Nxc3 22.
Rxc3 Rd4 23. e3 Rd7 24. Rec1 Rad8 25. Na3 Rd1+ 26. Kg2 Bf1+ 27. Kf3 f5 28. Rxd1 Rxd1 29. e4 g6 30. Nc4 Bxc4 31. bxc4 Rd4 32. exf5 gxf5 33.
Ke3 f4+ 34. gxf4 Rxf4 35. Ra3 Kb6 36. Rc3 c5 37. bxc5+ Kxc5 38. Ra3 Kb6 39. Rb3+ Kc6 40. Ra3 Kb6 41. c5+ Kb7 42. c6+ Ka8 43. c7 Rc4 44.
Ra6 Kb7 45. Rxh6 Rxc7 46. Ke4 Rc5 47. Re6 Rc2 48. Rf6 Re2+ 49. Kd5 a5 50. h4 a4 51. h5 a3 52. Rf7+ Kb6 53. Rf6+ Kb5 54. Rf8 a2 55.
Ra8 Rxf2 56. Kxe5 Rh2 57. Kf6 Rxh5 58. Rxa2 Rh4 59. Rb2+ Rb4 60. Re2 Kc4 61. Re5 Rb5 62. Re4+ Kd3 63. Rh4 Rc5 64. Ke6 Kc3 65. Kd6 Rg5 66.
Rh3+ Kd4 67. Rh4+ Kd3 68. Ke6 Ra5 69. Rh1 Ke4 70. Re1+ Kd4 71. Rd1+ Ke4 72. Re1+ Kf4 73. Rf1+ Ke3 74. Re1+ Kd2 75. Re4 Ra6+ 76. Kd5 Ra8 77.
Kd4 Ra4+ 78. Ke5 Ra5+ 79. Kf4 Ra7 80. Ke5 Kd3 81. Rd4+ Kc3 82. Rg4 Kd3 83. Kd5 Ra5+ 84. Kc6 Ra6+ 85. Kb5 Rh6 86. Rg3+ Ke4 87. Rg4+ Kf3 88.
Rg1 Rh5+ 89. Kc4 Rh4+ 90. Kd3 Rh7 91. Rf1+ Kg2 92. Rf6 Rd7+ 93. Ke4 Ra7 94. Rg6+ Kf2 95. Rf6+ Ke2 96. Rh6 Ra4+ 97. Kd5 Ra5+ 98. Kd4 Ra4+ 99.
Ke5 Ra5+ 100. Kf4 Ra4+ 101. Kf5 Ra5+ 102. Ke4 Ra4+ 103. Kd5 Ra5+ 104. Kc4 Ra4+ 105. Kb5 Rg4 106. Re6+ Kd3 107. Rd6+ Kc3 108. Rc6+ 1/2-1/2

[Event "Early-Titled-Tuesday-Blitz-February-13-2024"]
[Site "Chess.com"]
[Date "2024.02.13"]
[Round "7"]
[White "Bilan_Danila"]
[Black "Brahianzevich"]
[Result "0-1"]
[WhiteElo "2549"]
[BlackElo "2457"]
[TimeControl "180+1"]
[EndTime "9:23:31 PST"]
[Termination "Brahianzevich won on time"]

1. d4 d5 2. Nf3 e6 3. c4 Nf6 4. Nc3 Bb4 5. Qb3 c5 6. a3 Bxc3+ 7. bxc3 O-O 8. Bg5 Nbd7 9. e3 Qc7 10. Be2 b6 11.
cxd5 exd5 12. O-O Bb7 13. a4 c4 14. Qb2 Rfe8 15. Rfb1 Bc6 16. a5 b5 17. a6 h6 18.
Bf4 Qb6 19. h3 Ne4 20. Qb4 Re6 21. Ne5 Nxe5 22. Bxe5 Rae8 23. Bg4 R6e7 24. Bf3 f6 25. Bh2 Nd2 26. Rb2 Nxf3+ 27. gxf3 Bd7 28. Qd6 Qxd6 29. Bxd6 Re6 30. Bc5 Ra8 31. h4 Kf7 32. Kg2 f5 33. f4 Bc6 34. Kf3 Ree8 35. Rg1 Rg8 36. Bd6 Rad8 37. Be5 Rd7 38. h5 g6 39. hxg6+ Rxg6 40.
Rbb1 Rd8 41. Rxg6 Kxg6 42. Rg1+ Kh5 43. Rg7 Rd7 44. Rg8 b4 45. cxb4 c3 46. Rc8 Bb5 47. Rxc3 Bxa6 48. Rc5 Bc4 49. Ra5 a6 50. Ra1 Rb7 51.
Rh1+ Kg6 52. Bd6 a5 53. bxa5 Ra7 54. Rg1+ Kf6 55. Bb4 Rb7 56. Bc5 Rb5 57. Bb6 Bd3 58. Rg8 Be4+ 59. Kg3 Rb1 60. Rf8+ Kg7 61. Rd8 Rg1+ 62.
Kh3 Rh1+ 63. Kg3 Rg1+ 64. Kh2 Rg2+ 65. Kh3 Rg1 66. Kh4 Rh1+ 67. Kg3 Kg6 68. f3 Bd3 69.
Rxd5 Rg1+ 70. Kf2 Rf1+ 71. Kg2 Be2 72. Rd6+ Kh5 73. Bd8 Rxf3 74. Bf6 Rf1 75. Bg7 Kg4 76. Rxh6 Ra1 77. Rg6+ Kh5 78. Rg5+ Kh4 79. Bf6 Ra2 80. Rxf5+ Kg4 81. Rg5+ Kh4 82. Kf2 Bg4+ 83. Ke1 Kg3 84. Rxg4+ Kxg4 85. Be5 Rxa5 86. Kd2 Ra3 87.
Ke2 Kf5 88. Kf3 Rb3 89. d5 Rd3 90. d6 Rd1 91. Bd4 Ke6 92. Be5 Rd3 93. Ke4 Ra3 94. f5+ Kd7 95. Kf4 Ra2 96. e4 Rf2+ 97. Kg5 Rg2+ 98. Kf4 Rg1 99. Ke3 Kc6 100. Bf4 Re1+ 101. Kd4 Rd1+ 102. Ke5 Kd7 103. Kf6 Rf1 104. Bg5 Rg1 105. e5 Rf1 0-1

[Event "Early-Titled-Tuesday-Blitz-February-13-2024"]
[Site "Chess.com"]
[Date "2024.02.13"]
[Round "7"]
[White "DenLaz"]
[Black "Hikaru"]
[Result "1/2-1/2"]
[WhiteElo "3057"]
[BlackElo "3363"]
[TimeControl "180+1"]
[EndTime "9:23:43 PST"]
[Termination "Game drawn by 50-move rule"]

1. d4 g6 2. c4 Bg7 3. Nf3 d6 4. g3 Nc6 5. Bg2 Nf6 6. Nc3 O-O 7. O-O Bg4 8. d5 Na5 9. b3 c5 10. Bd2 a6 11. h3 Bd7 12. e4 e5 13. dxe6 Bxe6 14.
Rc1 Nc6 15. Bf4 Ne8 16. Qd2 f6 17. Rfd1 Ne5 18. Bxe5 fxe5 19. Ng5 Qd7 20. Na4 Qe7 21. Nxe6 Qxe6 22. Nb6 Rd8 23. Qd5 Qf7 24. Qxf7+ Rxf7 25. Nd5 Bh6 26. Rc3 Ng7 27. b4 cxb4 28. Nxb4 Ne6 29. Rc2 Nd4 30. Rb2 Rc8 31. Bf1 Bf8 32. Nd5 Ne6 33. h4 Nc5 34. Bg2 h5 35. Rdb1 Rd8 36.
Rd2 Bh6 37. Rc2 Kf8 38. Rd1 Ke8 39. Nb4 Ke7 40. Nd3 Ne6 41. Rb2 Kf8 42. Rdb1 Rb8 43.
Rb6 Rd8 44. Rxb7 Rxb7 45. Rxb7 Nc5 46. Nxc5 dxc5 47. Rb6 Rd1+ 48. Bf1 Kf7 49. Rxa6 Ra1 50. Ra5 Bd2 51. Rxc5 Rxa2 52. Rc7+ Ke8 53. Rc6 Kf7 54. Rc7+ Ke8 55. c5 Be1 56. Rf7 Rc2 57. Rf3 Ke7 58.
Bh3 Rxc5 59. Re3 Rc1 60. Kg2 Bb4 61. Rd3 Bd6 62. Rf3 Rc2 63. g4 hxg4 64. Bxg4 Rc4 65. Re3 Bc5 66. Re2 Kf6 67. Kf3 Rc3+ 68. Kg2 Rc4 69. Kf3 Kg7 70. h5 gxh5 71. Bxh5 Bd4 72.
Kg4 Kf6 73. Ra2 Rb4 74. Rc2 Rb6 75. f3 Ke7 76. Rd2 Rf6 77. Kg3 Rf8 78. Bg4 Be3 79. Rd7+ Kf6 80. Bf5 Rg8+ 81. Bg4 Bf4+ 82. Kg2 Rb8 83.
Kf1 Rb2 84. Rh7 Kg6 85. Rh5 Kf6 86. Rf5+ Ke7 87. Rh5 Kd6 88. Rh7 Kc5 89. Rd7 Kc4 90. Rd5 Kc3 91. Rd7 Be3 92. Rd8 Bd4 93. Ra8 Kd3 94.
Ra3+ Bc3 95. Bf5 Kd4 96. Bg4 Bb4 97. Ra8 Ke3 98. Rc8 Ra2 99. Rc4 Bd2 100. Rc8 Bb4 101. Rc4 Be7 102. Rc8 Bh4 103. Rc3+ Kf4 104. Rd3 Rf2+ 105. Kg1 Ra2 106. Kf1 Bf2 107. Rb3 Bd4 108. Rd3 Kg3 109.
Ke1 Ra1+ 110. Kd2 Kf4 111. Kc2 Ra6 112. Kb3 Rc6 113. Kb4 Rc7 114. Kb5 Rc5+ 115. Kb4 Rc1 116. Kb5 Kg5 117. Rb3 Kf6 118. Rb4 Ke7 119. Rc4 Rb1+ 120. Kc6 Rb6+ 121. Kc7 Ra6 122. Kb7 Ra7+ 123. Kc6 Ra6+ 124. Kb7 Rb6+ 125. Kc7 1/2-1/2

[Event "Early-Titled-Tuesday-Blitz-February-13-2024"]
[Site "Chess.com"]
[Date "2024.02.13"]
[Round "7"]
[White "Sam_ChessMood"]
[Black "Oleksandr_Bortnyk"]
[Result "1/2-1/2"]
[WhiteElo "2934"]
[BlackElo "3069"]
[TimeControl "180+1"]
[EndTime "9:24:38 PST"]
[Termination "Game drawn - insufficient material"]

1. d4 Nf6 2. c4 b6 3. Nc3 Bb7 4. Qc2 g6 5. e4 d6 6. Nf3 Bg7 7. Be2 O-O 8. O-O c5 9. d5 Na6 10. Bf4 Nb4 11. Qd2 Re8 12. Rad1 e5 13. dxe6 Rxe6 14. e5 Nh5 15. Be3 Bxe5 16. Nxe5 Rxe5 17.
a3 Nc6 18. Qxd6 Qxd6 19. Rxd6 Rae8 20. Bf3 Na5 21. Bxb7 Nxb7 22. Rd7 Na5 23. Nd5 Nxc4 24. g4 Rxd5 25. Rxd5 Nf6 26. Rd3 Nxb2 27. Rc3 Nd5 28. Rc2 Nxe3 29. fxe3 Nd3 30. Rd1 c4 31. a4 Re4 32. h3 a6 33. Rb1 b5 34. axb5 axb5 35.
Rxb5 Kg7 36. Rb7 Rxe3 37. Rxc4 Rxh3 38. Rd4 Ne5 39. Kg2 Re3 40. Rf4 h6 41. Rc7 Ra3 42. Re4 Ra5 43. Rd4 Kf6 44. Kg3 Ra3+ 45. Kg2 Kg5 46.
Rc5 Ra2+ 47. Kg3 f6 48. Rb5 Ra3+ 49. Kf2 Rh3 50. Kg2 Re3 51. Kf2 Rc3 52. Kg2 Rc2+ 53. Kg3 Rc1 54. Kf2 Rc7 55. Kg3 Ra7 56. Kf2 Ra1 57.
Kg3 Rg1+ 58. Kh3 Re1 59. Kg3 Re3+ 60. Kf2 Rf3+ 61. Kg2 Rc3 62. Kf2 Rc8 63. Kg3 Rh8 64. Rc5 h5 65. gxh5 Rxh5 66. Rc3 Rh1 67. Rd8 Rg1+ 68.
Kf2 Ra1 69. Rd4 Kf5 70. Rd2 g5 71. Ke2 Rh1 72. Rd4 g4 73. Rc5 Kg5 74. Kf2 Rh2+ 75.
Kg3 Rh3+ 76. Kg2 Re3 77. Rdd5 Re4 78. Rd8 Kf4 79. Rc2 f5 80. Rf8 Nf3 81. Rf2 Re3 82. Rf7 Rd3 83. Rf8 Kg5 84. Rg8+ Kf6 85. Rf8+ Ke5 86. Re8+ Kf4 87. Rf8 Rd1 88. Rxf3+ gxf3+ 89.
Kf2 Rd2+ 90. Kf1 Ra2 91. Rf7 Ra1+ 92. Kf2 Ra3 93. Rf8 Ra2+ 94. Kf1 Ra5 95. Kf2 Re5 96.
Rf7 Rd5 97. Rf8 Ke4 98. Re8+ Kf4 99. Rf8 Rc5 100. Kf1 Rc2 101. Rf7 Rb2 102. Rf8 Ra2 103. Rf7 f2 104. Rf8 Ke4 105. Rf7 Rb2 106. Rc7 Kf4 107. Rc3 Kg4 108. Ra3 Rc2 109. Rb3 Ra2 110. Rc3 Rb2 111. Ra3 Kf4 112. Rf3+ Ke4 113. Ra3 Rc2 114. Rb3 Rd2 115. Ra3 Rb2 116. Rc3 Ra2 117. Rb3 Kf4 118. Rc3 Kg4 119. Rb3 f4 120. Rc3 Rb2 121. Ra3 Rc2 122. Rb3 Kf5 123. Ra3 Ke4 124. Rb3 Kf5 125. Ra3 Kg4 126. Rb3 Rd2 127. Ra3 Rd8 128. Kxf2 Rd2+ 129. Kf1 Rb2 130. Rc3 Ra2 131. Rb3 Ra7 132. Kf2 Rh7 133. Rc3 Rh2+ 134. Kf1 Rd2 135. Rb3 Kf5 136. Ra3 Ke4 137. Rb3 Rd3 138. Rxd3 Kxd3 139. Kf2 Ke4 140. Ke2 f3+ 141. Kf2 Kd3 142. Kxf3 1/2-1/2

[Event "Early-Titled-Tuesday-Blitz-February-13-2024"]
[Site "Chess.com"]
[Date "2024.02.13"]
[Round "8"]
[White "ClaudiaSof"]
[Black "JG-17"]
[Result "1-0"]
[WhiteElo "2335"]
[BlackElo "2452"]
[TimeControl "180+1"]
[EndTime "9:26:15 PST"]
[Termination "ClaudiaSof won by resignation"]

1. e4 c5 2. Nf3 d6 3. Bc4 Nf6 4. e5 dxe5 5. Nxe5 e6 6. Qe2 Be7 7. b3 Nbd7 8. Nxf7 Kxf7 9. Qxe6+ Kg6 10. Qf7+ Kh6 11. d4+ g5 12. h4 1-0

[Event "Early-Titled-Tuesday-Blitz-February-13-2024"]
[Site "Chess.com"]
[Date "2024.02.13"]
[Round "8"]
[White "Nellichka"]
[Black "nj123456"]
[Result "0-1"]
[WhiteElo "2073"]
[BlackElo "2295"]
[TimeControl "180+1"]
[EndTime "9:26:27 PST"]
[Termination "nj123456 won by resignation"]

1. e4 c6 2. d4 d5 3. exd5 cxd5 4. Bd3 Nc6 5. c3 Nf6 6. Bf4 Bg4 7. Nf3 e6 8. h3 Bh5 9. O-O Bd6 10. Nbd2 Bxf4 0-1